AoeStats
← jbwermers

Black Forest

510270475Analyzed
4v4 RM · 3h ago on Sep 30, 2026· 55m 29s· 8 players
Game mode
Random Map
Map size
Large (8 player)
Population
200
Speed
Normal
Resources
Standard
Victory
Conquest
Starting age
Dark Age
Ending age
Imperial Age
RankedLock teamsTeams togetherTeam positionsShared explorationLock speedFull tech treeHidden civsTurbo modeCheats
Victory
Defeat
🇪🇸 Bohemians · Spain
879
+16
🇨🇳 Byzantines · China
843
+17
🇫🇷 Romans · France
835
+18
🇩🇪 Vietnamese · Germany
790
+19
🇨🇳 Khmer · China
913
-19
🇳🇿 Italians · New Zealand
875
-18
🇨🇳 Hindustanis · China
861
-17
🇨🇳 Britons · China
825
-16
farigs4
0:34 Loom
11:12 Feudal Age
12:42 Wheelbarrow
11:58 Double-Bit Axe
16:05 Stone Mining
16:11 Gold Mining
18:17 Horse Collar
22:35 Castle Age
24:25 Gold Shaft Mining
26:48 Hand Cart
33:19 Imperial Age
32:01 Bow Saw
33:06 Caravan
34:25 Conscription
34:22 Ballistas
35:24 Ballistics
35:31 Siege Engineers
35:53 Comitatenses
36:06 Heavy Scorpion
37:09 Scale Barding Armor
37:20 Forging
40:17 Chemistry
42:45 Onager
50:34 Elite Centurion
50:49 Elite Centurion
gabrissss
0:29 Loom
13:30 Feudal Age
21:14 Castle Age
19:14 Double-Bit Axe
19:42 Horse Collar
24:15 Bow Saw
24:46 Fishing Lines
26:49 Heavy Plow
32:06 Imperial Age
31:16 Wheelbarrow
31:38 Fletching
31:50 Padded Archer Armor
31:51 Scale Mail Armor
32:02 Forging
31:23 Pikeman
32:04 Squires
33:55 Chemistry
32:52 Murder Holes
33:01 Elite Hussite Wagon
34:26 Bodkin Arrow
34:48 Chain Mail Armor
35:09 Iron Casting
38:39 Plate Mail Armor
39:02 Hand Cart
39:14 Fortified Wall
39:25 Ballistics
39:38 Caravan
40:09 Coinage
39:30 Houfnice
42:05 Blast Furnace
41:06 Bracer
41:21 Leather Archer Armor
43:22 Banking
43:39 Arson
43:48 Halberdier
45:58 Guilds
49:31 Two-Man Saw
48:37 Town Watch
49:35 Ring Archer Armor
49:10 Scale Barding Armor
51:20 Conscription
52:44 Hussite Reforms
52:12 Capped Ram
54:31 Wagenburg Tactics
55:05 Bombard Tower
54:35 Guard Tower
54:57 Masonry
54:52 Siege Engineers
54:58 Clinker Construction
54:54 Siphons
54:34 Arrowslits
Kevin
0:28 Loom
12:48 Feudal Age
16:28 Castle Age
14:53 Horse Collar
14:59 Double-Bit Axe
20:27 Heavy Plow
23:12 Bow Saw
25:00 Wheelbarrow
25:57 Stone Mining
27:16 Gold Mining
28:02 Stone Shaft Mining
29:10 Gold Shaft Mining
30:42 Scale Barding Armor
30:37 Padded Archer Armor
30:27 Fletching
30:48 Forging
31:02 Hand Cart
31:46 Chain Barding Armor
33:12 Ballistics
33:03 Fortified Wall
32:36 Treadmill Crane
33:16 Ballistics
33:07 Fortified Wall
34:17 Iron Casting
33:37 Bodkin Arrow
33:57 Leather Archer Armor
36:40 Imperial Age
35:06 Caravan
36:58 Crossbowman
38:12 Conscription
39:01 Plate Barding Armor
38:27 Bracer
38:57 Ring Archer Armor
39:37 Chemistry
38:33 Arbalester
39:18 Thumb Ring
40:22 Husbandry
40:45 Elite Cataphract
43:18 Hoardings
44:16 Logistica
45:58 Crop Rotation
45:30 Scale Mail Armor
46:32 Two-Man Saw
49:21 Murder Holes
jbwermers
0:46 Loom
13:08 Feudal Age
14:02 Double-Bit Axe
14:02 Horse Collar
14:21 Stone Mining
15:09 Wheelbarrow
18:37 Gold Mining
25:46 Castle Age
24:59 Arson
24:35 Man-at-Arms
27:17 Bow Saw
28:01 Pikeman
28:42 Squires
30:22 Hand Cart
31:12 Stone Shaft Mining
30:43 Caravan
31:13 Heavy Plow
31:45 Elite Skirmisher
38:16 Imperial Age
35:45 Fletching
35:55 Padded Archer Armor
37:18 Ballistics
37:14 Fortified Wall
39:46 Paper Money
38:58 Onager
41:05 Two-Man Saw
41:20 Crop Rotation
41:04 Forging
40:50 Bodkin Arrow
40:24 Imperial Skirmisher
42:54 Iron Casting
42:20 Scale Mail Armor
43:48 Thumb Ring
43:33 Halberdier
43:41 Elite Rattan Archer
44:25 Bracer
44:42 Chain Mail Armor
44:32 Scale Barding Armor
44:43 Leather Archer Armor
53:37 Heated Shot
54:48 Chemistry
梦寐一秋.
10:51 Feudal Age
17:25 Castle Age
20:05 Double-Bit Axe
21:48 Bow Saw
27:45 Gold Mining
28:27 Horse Collar
33:39 Imperial Age
33:10 Crossbowman
34:33 Ballistics
34:08 Fletching
34:18 Padded Archer Armor
34:49 Yeomen
34:50 Conscription
34:31 Warwolf
35:11 Gold Shaft Mining
33:58 Arbalester
36:03 Caravan
46:09 Chemistry
45:30 Leather Archer Armor
45:10 Bodkin Arrow
44:37 Elite Longbowman
48:04 Stone Mining
49:45 Bracer
50:15 Ring Archer Armor
52:15 Pikeman
52:56 Squires
52:41 Arson
elijahj.cooper
13:01 Feudal Age
13:49 Loom
16:46 Castle Age
18:54 Wheelbarrow
20:23 Horse Collar
20:31 Double-Bit Axe
29:31 Imperial Age
28:29 Scale Mail Armor
28:40 Forging
28:47 Gold Mining
30:03 Chain Mail Armor
30:39 Squires
31:37 Iron Casting
30:56 Fletching
37:53 Onager
44:31 Bodkin Arrow
44:38 Padded Archer Armor
46:28 Bracer
46:55 Ballistics
47:41 Chemistry
48:58 Caravan
CaMelody
12:27 Feudal Age
17:12 Castle Age
15:01 Double-Bit Axe
15:58 Horse Collar
24:08 Bow Saw
26:53 Heavy Plow
27:07 Gold Mining
27:08 Stone Mining
29:05 Gold Shaft Mining
29:05 Stone Shaft Mining
29:56 Wheelbarrow
29:09 Town Watch
29:09 Loom
32:52 Imperial Age
31:26 Ballistics
31:18 Forging
31:14 Scale Barding Armor
32:00 Hand Cart
31:46 Town Patrol
31:57 Tusk Swords
32:36 Iron Casting
32:36 Caravan
33:40 Chain Barding Armor
34:34 Conscription
34:14 Double Crossbow
35:17 Chemistry
35:19 Blast Furnace
34:43 Bloodlines
34:33 Husbandry
33:54 Light Cavalry
33:58 Heavy Scorpion
35:13 Capped Ram
35:32 Elite Battle Elephant
36:51 Crop Rotation
36:39 Hussar
37:59 Plate Barding Armor
37:11 Elite Ballista Elephant
37:22 Siege Ram
39:44 Hoardings
39:16 Siege Engineers
39:22 Masonry
39:08 Murder Holes
41:06 Masonry
41:07 Fortified Wall
40:52 Guard Tower
fjk
2:11 Loom
11:52 Feudal Age
13:27 Wheelbarrow
13:54 Double-Bit Axe
15:56 Gold Mining
20:19 Castle Age
18:23 Horse Collar
20:48 Stone Mining
21:33 Hand Cart
21:36 Heavy Plow
23:10 Bow Saw
25:56 Gold Shaft Mining
26:51 Grand Trunk Road
31:47 Imperial Age
29:03 Town Watch
30:39 Stone Shaft Mining
32:16 Scale Barding Armor
32:22 Forging
32:28 Fortified Wall
33:47 Two-Man Saw
33:03 Masonry
33:18 Chain Barding Armor
34:44 Ballistics
35:11 Iron Casting
35:28 Conscription
35:18 Siege Engineers
36:14 Chemistry
36:48 Plate Barding Armor
37:14 Blast Furnace
37:07 Caravan
36:45 Heavy Camel Rider
38:50 Hoardings
38:37 Bloodlines
38:28 Husbandry
38:23 Fletching
38:57 Onager
40:22 Bodkin Arrow
40:27 Padded Archer Armor
43:27 Leather Archer Armor
43:14 Bracer
43:16 Shatagni
43:23 Imperial Camel Rider
45:47 Ring Archer Armor
46:36 Thumb Ring
48:17 Elite Skirmisher
Connection lost

Rejoining the realm…

Still unreachable

The connection could not be restored.

Session expired

The server has moved on; the page needs a fresh start.